Map: Deathaura LE

Players

GunGFuBanDa - Winner!

  • Race: Protoss Protoss
  • League: Master
  • Spawn Location: 11:00

Kas

  • Race: Terran Terran
  • League: Grandmaster
  • Spawn Location: 5:00

Event: DreamHack SC2 Masters 2020 Summer Europe

VOD

Have the link to the VOD?

Description

Time

  • Played on: June 28, 2020, 10:25 a.m.
  • Length: 14:21

All games in this series

Show
View Real Time Build Order
Export as new Build Order

GunGFuBanDa Protoss - Winner!

Build Orders: 1 Gate Expand, Colossus Rush 

Get SALT Encoding   

  12  0:00  Probe  
  13  0:13  Probe  
  14  0:17  Pylon  
  14  0:24  Probe  
  15  0:32  Probe  
  15  0:37  Gateway  
  15  0:40  Probe  
  16  0:46  Assimilator  
  17  0:51  Probe  
  18  1:03  Probe  
  19  1:15  Probe  
  20  1:25  Cybernetics Core  
  20  1:32  Nexus  
  20  1:35  Probe  
  21  1:42  Pylon  
  21  1:47  Probe  
  21  1:52  Adept, Assimilator  
  22  2:00  Probe  
  23  2:03  Warp Gate  
  25  2:12  Probe  
  26  2:21  Stalker  
  28  2:24  Probe  
  29  2:36  Probe  
  30  2:41  Robotics Facility, Probe  
  30  2:45  Probe  
  30  2:49  Probe  
  32  2:53  Stalker, Probe  
  36  2:59  Probe  
  36  3:02  Probe  
  38  3:08  Gateway  
  38  3:11  Gateway  
  38  3:12  Probe  
  39  3:15  Probe  
  40  3:21  Pylon  
  40  3:22  Probe  
  42  3:27  Probe  
  42  3:29  Observer  
  42  3:30  Probe  
  43  3:38  Probe  
  43  3:39  Probe  
  45  3:45  Pylon  
  46  3:50  Probe  
  46  3:51  Observer, Probe  
  49  3:56  Stalker, Nexus  
  51  4:04  Probe x2  
  53  4:10  Pylon  
  53  4:14  Robotics Bay  
  53  4:20  Stalker  
  53  4:21  Stalker  
  53  4:22  Probe x2  
  59  4:25  Assimilator  
  59  4:28  Assimilator  
  59  4:33  Stalker  
  59  4:46  Probe  
  59  4:49  Probe  
  60  4:56  Probe  
  55  5:01  Colossus, Probe  
  55  5:04  Probe  
  62  5:10  Probe  
  62  5:12  Observer  
  62  5:13  Probe x2  
  65  5:18  Probe  
  66  5:21  Probe  
  66  5:25  Probe  
  66  5:27  Probe  
  69  5:29  Extended Thermal Lance, Probe  
  69  5:33  Forge  
  71  5:37  Probe  
  71  5:40  Probe x2  
  74  5:45  Protoss Ground Weapons Level 1  
  74  5:46  Gateway, Colossus  
  74  5:48  Gateway  
  74  5:49  Probe, Observer, Pylon  
  75  5:50  Sentry  
  75  5:52  Probe  
  75  5:53  Probe  
  85  6:02  Shield Battery, Pylon x2  
  85  6:17  Probe x2  
  85  6:18  Probe  
  87  6:24  Twilight Council  
  87  6:26  Gateway, Zealot x3  
  87  6:28  Pylon  
  87  6:32  Colossus  
  93  6:39  Observer  
  93  6:41  Photon Cannon  
  93  6:42  Pylon  
  99  6:48  Charge  
  99  6:50  Sentry, Stalker, Zealot x3  
  109  7:16  Stalker, Disruptor  
  109  7:17  Zealot x4  
  109  7:20  Gateway  
  109  7:21  Gateway  
  119  7:22  Pylon  
  119  7:23  Shield Battery  
  120  7:36  Zealot  
  122  7:38  Zealot  
  122  7:43  Pylon  
  122  7:44  Pylon  
  122  7:45  Pylon  
  122  7:51  Zealot x4  
  119  7:54  Protoss Ground Weapons Level 2  
  119  8:02  Immortal  
  119  8:04  Probe  
  124  8:08  Zealot x2  
  124  8:09  Probe  
  124  8:10  Blink  
  124  8:11  Pylon  
  129  8:17  Zealot x3  
  135  8:20  Probe  
  135  8:21  Probe  
  135  8:22  Observer  
  135  8:25  Zealot x3  
  142  8:36  Warp Prism  
  136  8:42  Probe x2  
  136  8:47  Probe  
  141  8:51  Forge  
  141  8:52  Stalker x3  
  141  8:54  Probe  
  148  9:00  Zealot x3  
  154  9:05  Protoss Ground Armor Level 1  
  154  9:06  Probe x2  
  154  9:08  Probe  
  157  9:10  Assimilator x2  
  157  9:13  Pylon  
  157  9:19  Probe  
  158  9:24  Templar Archives  
  158  9:25  Pylon, Probe  
  158  9:40  Probe x2  
  158  9:41  Disruptor  
  163  9:56  Pylon  
  163  10:01  Zealot x6  
  163  10:06  Nexus, Pylon  
  173  10:16  Disruptor  
  176  10:24  Protoss Ground Weapons Level 3  
  176  10:31  Probe  
  176  10:35  Shield Battery, Pylon  
  177  10:36  Photon Cannon  
  177  10:42  Zealot x5  
  179  10:43  Zealot  
  179  10:45  Dark Shrine  
  183  10:52  Disruptor  
  181  11:04  High Templar x5  
  184  11:07  Protoss Ground Armor Level 2  
  184  11:22  Psionic Storm, Probe x2  
  184  11:23  High Templar x2  
  184  11:24  Zealot  
  184  11:25  Gateway, Warp Prism  
  192  11:27  Gateway  
  192  11:28  Archon x2  
  188  11:36  Robotics Facility  
  188  11:45  Probe  
  188  11:46  Probe  
  186  11:58  Warp Prism  
  186  12:07  Pylon  
  186  12:11  Nexus  
  186  12:12  Pylon  
  186  12:13  Dark Templar, Zealot x2  
  186  12:14  Zealot  
  186  12:15  Dark Templar x2, Zealot  
  196  12:22  Stargate  
  200  12:24  Gateway x2  
  166  12:52  Stalker x7  
  166  12:53  Stalker  
  180  13:03  Immortal  
  180  13:05  Immortal  
  158  13:12  Zealot x2  
  127  13:21  Zealot x9  
  127  13:22  Zealot  
  139  13:38  Photon Cannon, Probe x2  
  139  13:42  Probe  
  139  13:43  Zealot x6  
  164  13:50  Dark Templar  
Show
View Real Time Build Order
Export as new Build Order

Kas Terran 

Build Orders: Reaper Expand 

Get SALT Encoding   

  12  0:00  SCV  
  13  0:12  SCV  
  14  0:16  Supply Depot  
  14  0:25  SCV  
  15  0:38  SCV  
  15  0:39  Barracks  
  16  0:43  Refinery  
  16  0:50  SCV  
  17  1:02  SCV  
  18  1:14  SCV  
  19  1:27  Orbital Command, Reaper  
  20  1:43  Command Center  
  20  1:52  Supply Depot  
  20  1:53  SCV  
  21  2:00  Marine  
  22  2:06  SCV  
  22  2:08  Factory  
  23  2:16  Refinery  
  23  2:18  SCV  
  23  2:20  Barracks Reactor  
  24  2:30  SCV  
  24  2:35  Bunker  
  25  2:42  SCV  
  26  2:52  Starport, Hellion  
  26  2:54  SCV  
  26  2:57  Marine x2  
  31  3:01  Orbital Command  
  31  3:07  SCV  
  32  3:13  Hellion  
  32  3:18  Marine x2  
  32  3:19  SCV  
  37  3:28  SCV  
  37  3:30  Medivac  
  40  3:35  Hellion  
  40  3:36  SCV  
  40  3:37  Marine x2  
  40  3:40  SCV  
  46  3:50  Barracks  
  46  3:52  Supply Depot  
  46  3:58  Factory Tech Lab  
  46  4:08  Starport Tech Lab  
  46  4:10  Barracks  
  46  4:11  Supply Depot  
  46  4:13  Marine x2  
  46  4:14  SCV x2  
  50  4:18  Siege Tank  
  50  4:22  Engineering Bay  
  53  4:25  Refinery  
  53  4:26  SCV  
  54  4:33  SCV  
  54  4:38  SCV  
  56  4:41  Marine  
  56  4:45  SCV  
  54  4:52  Siege Tank  
  54  4:59  SCV  
  53  5:03  Marine x2, SCV  
  53  5:05  Barracks Tech Lab  
  53  5:06  Terran Infantry Weapons Level 1  
  52  5:11  SCV  
  52  5:13  Stimpack  
  52  5:14  Marauder, Starport Reactor, Supply Depot  
  55  5:15  SCV  
  55  5:18  Refinery  
  56  5:21  Marine x2  
  56  5:23  SCV  
  56  5:24  Combat Shield, Marauder  
  56  5:27  SCV  
  62  5:34  Factory Reactor  
  64  5:35  SCV  
  64  5:36  Marauder  
  64  5:38  Supply Depot, Missile Turret  
  64  5:41  Supply Depot, Marine x2  
  67  5:43  SCV  
  67  5:48  Marauder  
  70  5:59  Marauder, SCV, Medivac x2  
  70  6:00  SCV  
  70  6:03  Supply Depot  
  78  6:04  Supply Depot  
  78  6:05  Marine  
  78  6:06  Marine  
  80  6:13  Marauder  
  80  6:14  Widow Mine x2  
  86  6:25  Marauder, Marine x2  
  88  6:26  Supply Depot  
  88  6:28  Supply Depot  
  88  6:29  Medivac x2  
  94  6:36  Widow Mine x2  
  100  6:40  Marauder  
  100  6:42  Concussive Shells, SCV x2  
  102  6:47  Marine x2  
  104  6:55  SCV  
  104  6:56  Marauder  
  104  6:59  Widow Mine  
  111  7:01  Marauder  
  111  7:02  Supply Depot, Command Center  
  111  7:06  Supply Depot  
  111  7:09  SCV  
  111  7:15  Marine x2  
  114  7:17  SCV  
  114  7:18  Barracks  
  114  7:19  Terran Infantry Armor Level 1  
  114  7:22  Barracks  
  113  7:32  SCV  
  112  7:46  Marauder x2  
  116  7:52  Marine  
  114  8:03  SCV  
  114  8:04  SCV  
  116  8:07  Marauder x2  
  116  8:09  Marauder, Viking x2  
  116  8:11  Starport  
  126  8:14  Supply Depot  
  126  8:15  Supply Depot, SCV  
  126  8:19  Factory Reactor  
  125  8:28  Marauder x2  
  125  8:30  Orbital Command  
  125  8:32  Marauder, Marine  
  125  8:33  Marine  
  122  8:44  Marine, Viking x2  
  122  8:45  Sensor Tower, Marine  
  122  8:47  SCV  
  129  8:49  Barracks  
  129  8:50  Marauder  
  129  8:51  Supply Depot  
  129  8:52  SCV  
  129  8:55  Engineering Bay, Armory  
  132  8:56  SCV  
  132  9:00  SCV  
  132  9:01  Marauder x2, Marine  
  139  9:04  SCV  
  78  9:10  Missile Turret, Viking  
  140  9:12  Viking  
  140  9:15  SCV  
  140  9:16  Refinery  
  145  9:22  Viking  
  145  9:23  SCV, Viking  
  150  9:26  SCV  
  150  9:27  SCV  
  150  9:30  Supply Depot  
  150  9:31  Supply Depot  
  152  9:36  SCV  
  153  9:40  Marauder x2, Marine x2  
  153  9:41  Marauder, Marine x2  
  153  9:42  Medivac  
  165  9:47  Refinery  
  165  9:48  Ghost Academy  
  165  9:52  Terran Infantry Weapons Level 2, Terran Infantry Armor Level 2  
  165  9:55  Terran Ship Weapons Level 1  
  165  10:01  Marauder  
  167  10:12  Marauder x2, Marine x4, Supply Depot  
  167  10:13  Viking  
  177  10:20  Command Center  
  162  10:22  Ghost  
  162  10:23  SCV  
  162  10:24  SCV  
  164  10:29  Marine x2  
  164  10:32  Ghost x2  
  164  10:35  Medivac  
  167  10:53  Ghost  
  169  11:01  Ghost x2  
  173  11:05  Command Center  
  147  11:19  Marine x2  
  147  11:21  Missile Turret  
  147  11:22  SCV x2, Ghost  
  149  11:28  SCV  
  149  11:29  Marine x2, Ghost x2  
  153  11:34  SCV  
  153  11:35  SCV  
  154  11:40  SCV  
  154  11:46  SCV  
  156  11:47  SCV  
  156  11:51  Marauder  
  156  11:52  SCV, Medivac x2  
  163  11:55  Marine, Starport Reactor  
  163  11:56  Marine x3  
  163  11:58  SCV  
  163  11:59  Marauder  
  170  12:08  Marauder  
  172  12:12  Barracks  
  172  12:13  Marauder, Marine  
  175  12:15  SCV  
  175  12:16  Missile Turret  
  175  12:20  SCV  
  175  12:22  Viking x2  
  158  12:52  Marauder x2  
  120  13:07  Marauder  
  93  13:13  Marauder  
  93  13:15  Marauder, Marine x3  
  93  13:16  Marine  
  93  13:17  SCV x2  
  92  13:23  SCV  
  92  13:24  Planetary Fortress  
  92  13:29  Marauder, SCV x2  
  96  13:35  Marauder  
  96  13:37  Marauder  
  96  13:38  SCV  
  96  13:40  Marine x2  
  96  13:41  Marine, SCV x2  
  106  13:50  Marauder, SCV  
  106  13:53  SCV  
  110  13:56  Marauder  
Tags
 
Add a new tag
Caveats
  • Supply blocks, unpowered buildings, or Contaminate may cause inaccurate times.
  • Supply counts are checked every 10 seconds.